 Dungeon Crawl Stone Soup version 0.30-a0-610-gb513c0a51f (webtiles) character file.

Game seed: 15658326590686466481

56 M4edhros the Charlatan (level 3, -3/23 HPs)
             Began as an Octopode Artificer on Jan 8, 2023.
             Constricted to death by Ijyb (5 damage)
             ... on level 3 of the Dungeon.
             The game lasted 00:01:15 (727 turns).

M4edhros the Charlatan (Octopode Artificer)          Turns: 727, Time: 00:01:16

Health: -3/23      AC:  1    Str: 11    XL:     3   Next: 95%
Magic:  3/3        EV: 10    Int: 13    God:
Gold:   82         SH:  0    Dex: 14    Spells: 2/2 levels left

rFire   . . .      SeeInvis .      - Unarmed
rCold   . . .      Faith    .    (no shield)
rNeg    . . .      Spirit   .    (helmet restricted)
rPois   .          Reflect  .    (no amulet)
rElec   .          Harm     .    h - ring of willpower
rCorr   .          Rampage  .    (no ring)
Will    +....                    (no ring)
Stlth   +++                      (no ring)
HPRegen 0.23/turn                (no ring)
MPRegen 0.08/turn                (no ring)
                                 (no ring)
                                 (no ring)

@: grasped by roots, constricted
A: almost no armour, amphibious, 8 rings, camouflage 1, gelatinous body 1,
(nimble swimmer 1), tentacles
a: no special abilities


You were on level 3 of the Dungeon.
You visited 1 branch of the dungeon, and saw 3 of its levels.

You collected 82 gold pieces.

Inventory:

Jewellery
 h - a ring of willpower (left tentacle)
Wands
 b - a wand of flame (14) (quivered)
 c - a wand of charming (15)
 d - a wand of iceblast (4)
Scrolls
 a - a scroll of poison {unknown}
 e - a scroll of noise {unknown}
 f - a scroll of teleportation {unknown}
 g - a scroll of fear {unknown}
 i - a scroll of amnesia {unknown}
Potions
 j - 3 potions of flight {unknown}


   Skills:
 + Level 1.6 Fighting
 + Level 2.8 Dodging
 + Level 2.3 Stealth
 * Level 1.7 Unarmed Combat
 + Level 3.7 Evocations


You had 2 spell levels left.
You didn't know any spells.
Your spell library contained the following spells:

 Spells                   Type           Power      Damage    Failure   Level
 Sandblast                Erth           0%         2d4       30%         1
 Passwall                 Tmut/Erth      0%         N/A       43%         2
 Stone Arrow              Conj/Erth      0%         3d7       67%         3
 Animate Dead             Necr           0%         N/A       97%         4
 Haunt                    Necr/Summ      0%         N/A       100%        7
 Infestation              Necr           0%         N/A       100%        8


Dungeon Overview and Level Annotations

Branches:
Dungeon (3/15)

Altars:

Shops:
D:3 ?

Annotations:
D:3 Ijyb


Innate Abilities, Weirdness & Mutations

You cannot wear most types of armour.
You are amphibious.
You can wear up to eight rings at the same time.
Your skin changes colour to match your surroundings (Stealth+).
Your rubbery body absorbs attacks. (AC +1, EV +1)
((You are camouflaged when in or above water. (Stealth+)))
You have tentacles for arms and can constrict up to eight enemies at once.


Message History

Ijyb hits you with a +0 dagger.
You barely miss Ijyb. You constrict Ijyb, but do no damage.
Ijyb closely misses you.
You tentacle-slap Ijyb.
Ijyb is lightly wounded.
You constrict Ijyb.
Ijyb zaps a wand.
The roots erupt in riotous growth!
The grasping roots grab you!
Ijyb is unaffected.
The grasping roots constrict you.
You tentacle-slap Ijyb but do no damage.
You squeeze Ijyb.
Ijyb is lightly wounded.
You constrict Ijyb, but do no damage. Ijyb closely misses you.
The grasping roots constrict you!
The grasping roots release their grip on you.
You tentacle-slap Ijyb but do no damage.
Ijyb is lightly wounded.
You constrict Ijyb, but do no damage. Ijyb hits you with a +0 dagger.
* * * LOW HITPOINT WARNING * * *
Aiming: Throw Flame
Press: ? - help, Shift-Dir - straight line, f - Ijyb
Aim: Ijyb, wielding a +0 dagger, wearing a +4 ring mail and carrying a wand of roots (7) (lightly wounded, constricted by you, 100% to hit)
The puff of flame hits Ijyb.
Ijyb is moderately wounded.
You constrict Ijyb.
Ijyb zaps a wand.
The roots erupt in riotous growth!
The grasping roots grab you!
Ijyb is unaffected.
The grasping roots constrict you.
* * * LOW HITPOINT WARNING * * *
Unknown command.
Aiming: Iceblast
Press: ? - help, Shift-Dir - straight line, f/p - Ijyb
Aim: Ijyb, wielding a +0 dagger, wearing a +4 ring mail and carrying a wand of roots (6) (heavily wounded, constricted by you) That beam is likely to hit you.
Continue anyway?
Okay, then.
Aiming: Iceblast
Press: ? - help, Shift-Dir - straight line, p - Ijyb The mass of ice explodes!
The iceblast engulfs Ijyb!
Ijyb is almost dead.
You constrict Ijyb, but do no damage. Ijyb barely misses you.
The grasping roots constrict you.
You die...

#### ##############
#...####.............
#..g@....#####...###.
#...###### #.....###
##.# ##...## #. ##.##
. ..# ##.## #.# .≈
... #...# #.##..§ #.#
#...# ##'....≈ #.#
###...# ##...##..
##.# #.....###
##.....##


You could see Ijyb.

Vanquished Creatures
  Natasha (D:3)
  A dart slug (D:3)
  An orc (D:3)
  A ball python (D:3)
  2 bats
  5 endoplasms
  3 giant cockroaches
  A goblin (D:1)
  3 hobgoblins
  2 quokkas (D:1)
  3 rats
23 creatures vanquished.

Notes
Turn   | Place    | Note
-------+----------+-------------------------------------------
     0 | D:1      | M4edhros the Octopode Artificer began the quest for the
                  | Orb.
     0 | D:1      | Reached XP level 1. HP: 13/13 MP: 1/1
   103 | D:1      | Reached XP level 2. HP: 18/18 MP: 2/2
   309 | D:2      | Reached skill level 1 in Unarmed Combat
   406 | D:3      | Found Pyvucz Ufeuc's Magic Scroll Boutique.
   612 | D:3      | Noticed Natasha
   619 | D:3      | Killed Natasha
   620 | D:3      | Reached XP level 3. HP: 22/23 MP: 3/3
   716 | D:3      | Noticed Ijyb
   727 | D:3      | Constricted to death by Ijyb

Illustrated notes

Levels and vault maps discovered:
D:1:      nzn_arrival_settlement, layout_basic
D:2:      layout_basic
D:3:      layout_loops_corners, nicolae_overflow_hidden_temple, serial_shops,
          shop, nicolae_shop_crystal, nicolae_shop_crystal,
          nicolae_lakefront_shop, kennysheep_doodads, uniq_ijyb, uniq_natasha,
          uniq_terence

Skill      XL: |  1  2 |
---------------+-------+-----
Unarmed Combat | 1 |  1.7
Stealth        | 2 |  2.3
Fighting       | |  1.6
Dodging        | |  2.8
Evocations     | |  3.7

Action                   || total
-------------------------++-------
Melee: Unarmed           ||    63
       Tentacles         ||    16
       Constrict         ||    15
       Punch             ||     1
Evoke: Wand              ||     2
 Stab: Sleeping          ||     6
Armor: Skin              ||     4
Dodge: Dodged            ||    33

Table legend: (Time is in decaauts)
 A = Elapsed time spent in this place.
 B = Non-inter-level travel time spent in this place.
 C = Inter-level travel time spent in this place.
 D = Time resting spent in this place.
 E = Time spent auto-exploring this place.
 F = Levels seen in this place.
 G = Mean time per level.
                   A        B        C        D        E       F      G
               +--------+--------+--------+--------+--------+-----+--------+
         Total |    724 |    716 |      8 |      0 |    492 |   3 |  241.3 |
       Dungeon |    724 |    716 |      8 |      0 |    492 |   3 |  241.3 |
               +--------+--------+--------+--------+--------+-----+--------+

Top non-repeatable levels by time:
     D:3: 343 daAuts
     D:1: 278 daAuts
     D:2: 102 daAuts
